[Event "Team 45 45 League T45"]
[Site "Internet Chess Club"]
[Date "2010.05.14"]
[Round "2"]
[White "lawth3"]
[Black "KidCopperhead"]
[Result "0-1"]
[WhiteElo "1161"]
[BlackElo "1412"]
[Opening "Queen's gambit declined"]
[ECO "D30"]
[Time "11:00:19"]
[TimeControl "2700+45"]

1. d4 d5 2. c4 e6 3. Nf3 Nf6 4. a3 c5 5. cxd5 exd5 6. Nc3 Nc6 7. Bg5 Be7 8. e3
Bf5 9. Be2 O-O 10. O-O h6 11. Bh4 Qc7 12. h3 Ne4 13. Bxe7 Nxc3 14. bxc3 Qxe7 15.
Rb1 Bxb1 16. Qxb1 c4 17. Ne1 Na5 18. Qb5 Nb3 19. Nc2 a6 20. Qxd5 Rad8 21. Qxc4
Nd2 22. Qd3 Nxf1 23. Kxf1 Qc7 24. Kg1 b5 25. Nb4 Rc8 26. Nd5 Qd6 27. Qe4 Rfe8
28. Qf3 Qd7 29. Qh5 Qd6 30. Bg4 Rcd8 31. Bf3 Re6 32. e4 Qxa3 33. Qg4 Qc1+ 34.
Kh2 Qg5 35. Qxg5 hxg5 36. Nc7 Rc6 37. Nd5 Kf8 38. Nb4 Rb6 39. d5 a5 40. Nc6 Ra8
41. e5 a4 42. d6 Ke8 43. Bd5 a3 44. Nb4 Kd7 45. Bxa8 f6 46. Nd3 fxe5 47. Nxe5+
Kxd6 48. Nf7+ Kc5 49. Nxg5 a2 50. Ne4+ Kc4 51. Nd2+ Kd3 52. Nb3 Kxc3 53. Bd5 Ra6
54. Kg3 Ra3 55. Na1 Kb2+ 56. Kf4 Kxa1 57. Ke4 Kb2 58. Bxa2 Rxa2 59. Kd4 Ra5 60.
f4 b4 61. Kc4 b3 62. Kb4 Rf5 63. g3 Kc2 64. Ka3 b2 65. g4 b1=Q 66. gxf5 Qb3#
{White checkmated} 0-1

[Event "Team 45 45 League T45"]
[Site "Internet Chess Club"]
[Date "2010.05.17"]
[Round "2"]
[White "Skylab"]
[Black "Cicero"]
[Result "1-0"]
[WhiteElo "1277"]
[BlackElo "1140"]
[Opening "Queen's pawn game, Darooha variation "]
[ECO "D02"]
[Time "15:00:23"]
[TimeControl "2700+45"]

1. d4 Nf6 2. Nf3 d5 3. h3 e6 4. Bf4 Bd6 5. Bg5 O-O 6. e3 h6 7. Bh4 Nbd7 8. Nbd2
c5 9. c3 c4 10. Be2 Qc7 11. e4 Nxe4 12. Nxe4 dxe4 13. Nd2 b5 14. Nxe4 Bf4 15. g3
Bg5 16. Nxg5 hxg5 17. Bxg5 e5 18. dxe5 Qxe5 19. Bf4 Qe6 20. O-O Bb7 21. Bf3 Bxf3
22. Qxf3 Qxh3 23. Qg2 Qf5 24. Rfe1 Nf6 25. Re5 Qc2 26. Rxb5 Rfe8 27. Be5 Ng4 28.
Bd4 Rac8 29. Rf1 Qa4 30. Rg5 Qd7 31. Rxg7+ Kf8 32. Qh3 Ke7 33. Qxg4 Qxg4 34.
Rxg4 f5 35. Rg7+ Kf8 36. Rb1 Re2 37. Rxa7 Rce8 38. Kf1 Rc2 39. a4 Ree2 40. a5
Rxb2 41. Rxb2 Rxb2 42. a6 Ra2 43. Ra8+ Ke7 44. a7 Kd7 45. Rb8 f4 46. a8=Q Kc7
47. Qb7+ Kd6 48. Qb6+ Kd5 49. Qc5+ Ke4 50. Re8+ Kf3 51. Qd5+ Kg4 52. Rg8+ Kh3
53. Qh5# {Black checkmated} 1-0

[Event "Team 45 45 League T45"]
[Site "Internet Chess Club"]
[Date "2010.05.18"]
[Round "2"]
[White "medsurg"]
[Black "oldsj"]
[Result "0-1"]
[WhiteElo "1332"]
[BlackElo "1618"]
[Opening "Ruy Lopez: open, 7.Bb3"]
[ECO "C80"]
[Time "18:03:52"]
[TimeControl "2700+45"]

1. e4 e5 2. Nf3 Nc6 3. Bb5 a6 4. Ba4 Nf6 5. O-O Nxe4 6. d4 b5 7. Bb3 d5 8. Nxe5
Nxe5 9. dxe5 Be6 10. Be3 Nc5 11. Nc3 c6 12. Ne2 Bg4 13. f3 Bh5 14. Nf4 Bg6 15.
Qe2 Bf5 16. Rfd1 Be7 17. Bxd5 Qc7 18. Bxf7+ Kxf7 19. b4 Ne6 20. Nxe6 Bxe6 21.
Bc5 Rhd8 22. Qe4 Rxd1+ 23. Rxd1 Rd8 24. Rxd8 Qxd8 25. Bxe7 Qxe7 26. Qxc6 Qxb4
27. c3 Qb1+ 28. Kf2 Qxa2+ 29. Kg3 Qd5 30. Qc7+ Kg6 31. Qb8 Qc6 32. h4 a5 33. Qd8
h6 34. Qd3+ Kf7 35. f4 Qc4 36. Qe3 a4 37. h5 Qd5 38. Qa7+ Bd7 39. Qb6 Qd3+ 40.
Kh2 Qf5 {White resigns} 0-1

[Event "Team 45 45 League T45"]
[Site "Internet Chess Club"]
[Date "2010.05.16"]
[Round "2"]
[White "beerss"]
[Black "GhostMonster"]
[Result "1-0"]
[WhiteElo "1365"]
[BlackElo "1334"]
[Opening "Bird's opening"]
[ECO "A02"]
[Time "20:01:53"]
[TimeControl "2700+45"]

1. f4 c6 2. Nf3 d5 3. e3 Bg4 4. Be2 Nf6 5. O-O Nbd7 6. b3 g6 7. Bb2 Bg7 8. Ne5
Bxe2 9. Qxe2 Nxe5 10. Bxe5 O-O 11. Nc3 Nd7 12. Bxg7 Kxg7 13. Rf3 Nf6 14. Rg3 d4
15. Nd1 Ne4 16. Rh3 dxe3 17. Rxe3 Nxd2 18. Rd3 Qb6+ 19. Kh1 Rad8 20. Rxd2 Rxd2
21. Qxd2 Rd8 22. Qc3+ Kg8 23. Qe1 Qd4 24. Nf2 Qf6 25. Nd3 Rd6 26. Rc1 Kg7 27. h3
Re6 28. Qf2 a6 29. Nc5 Rd6 30. Nxb7 Rd4 31. Rf1 Rd5 32. Nc5 Rf5 33. Nd3 g5 34.
Qe3 gxf4 35. Rxf4 Qa1+ 36. Kh2 Rxf4 37. Qxf4 Qxa2 38. Qe5+ Kg6 39. Qxe7 Qxc2 40.
Qe4+ Kg7 41. Qc4 Qe2 42. Qxa6 Qe6 43. Qc4 Qd6+ 44. Kh1 Kf8 45. Qc3 Ke8 46. Qe5+
Kd7 47. Qf5+ Ke7 48. Qxh7 Qa3 49. Qe4+ Kd7 50. Qf5+ Kd8 51. Qf6+ Ke8 52. Qxc6+
Kf8 53. Qc5+ Qxc5 54. Nxc5 Ke8 55. b4 Kd8 56. b5 Kc8 57. b6 Kb8 58. b7 Kc7 59.
h4 f5 60. h5 f4 61. h6 f3 62. gxf3 Kb8 63. h7 Ka7 64. h8=Q Kb6 65. Qc3 Ka7 66.
Qa5+ Kb8 67. Qa8+ Kc7 68. b8=Q# {Black checkmated} 1-0

[Event "Team 45 45 League T45"]
[Site "Internet Chess Club"]
[Date "2010.05.15"]
[Round "2"]
[White "Just-Jim"]
[Black "moreffee"]
[Result "1/2-1/2"]
[WhiteElo "1411"]
[BlackElo "1238"]
[Opening "Petrov three knights game"]
[ECO "C42"]
[Time "16:00:14"]
[TimeControl "2700+45"]

1. e4 e5 2. Nf3 Nf6 3. Nc3 Bb4 4. Bc4 Bxc3 5. bxc3 Nxe4 6. Qe2 Nd6 7. Nxe5 O-O
8. O-O Nxc4 9. Qxc4 d5 10. Qd4 Be6 11. d3 Nd7 12. Nxd7 Qxd7 13. Bb2 f6 14. c4
dxc4 15. Qxd7 Bxd7 16. dxc4 c5 17. Rfd1 Be6 18. Re1 Kf7 19. h3 Rad8 20. Re4 Rd2
21. Ba3 b6 22. c3 Rc2 23. Rc1 Rxc1+ 24. Bxc1 Rd8 25. Kh2 Rd3 26. Bf4 Rxc3 27.
Bb8 Ra3 28. Re2 Bxc4 29. Rd2 Be6 30. g4 a6 31. Ba7 b5 32. Bxc5 Rxa2 33. Rxa2
Bxa2 34. Kg3 g5 35. Bb4 Ke6 36. f4 gxf4+ 37. Kxf4 Bb1 38. h4 f5 39. g5 Kd5 40.
h5 Kd4 41. g6 hxg6 42. h6 g5+ 43. Kxg5 f4 44. Kxf4 Bh7 45. Kg5 Ke5 46. Bc3+ Ke6
47. Bb4 Kf7 48. Bc3 Kg8 49. Kf6 Bd3 50. Bb4 Kh7 51. Kg5 {Game drawn by mutual
agreement} 1/2-1/2

[Event "Team 45 45 League T45"]
[Site "Internet Chess Club"]
[Date "2010.05.14"]
[Round "2"]
[White "chips"]
[Black "milesotoole"]
[Result "1-0"]
[WhiteElo "1230"]
[BlackElo "1452"]
[Opening "Polish (Sokolsky) opening"]
[ECO "A00"]
[Time "13:18:14"]
[TimeControl "2700+45"]

1. b4 e5 2. Bb2 Bxb4 3. Bxe5 Nf6 4. Bc3 Nc6 5. e3 O-O 6. Nf3 d5 7. Bxb4 Nxb4 8.
a3 Nc6 9. d4 Bf5 10. Bd3 Bg4 11. Nbd2 Re8 12. O-O Qd6 13. c4 Ne7 14. c5 Qc6 15.
a4 b6 16. Bb5 Qb7 17. Bxe8 Rxe8 18. Qb3 Qc8 19. cxb6 cxb6 20. Rac1 Qd7 21. Ne5
Qd6 22. Nxg4 Nxg4 23. Nf3 Nf5 24. Qb5 Kf8 25. Qc6 Qe7 26. Qc7 Qxc7 27. Rxc7 a6
28. Rb1 Rb8 29. Rc6 {Black resigns} 1-0

[Event "Team 45 45 League T45"]
[Site "Internet Chess Club"]
[Date "2010.05.15"]
[Round "2"]
[White "LuxAeterna"]
[Black "rubo"]
[Result "1-0"]
[WhiteElo "1856"]
[BlackElo "1697"]
[Opening "Caro-Kann: advance variation"]
[ECO "B12"]
[Time "23:30:11"]
[TimeControl "2700+45"]

1. e4 c6 2. d4 d5 3. e5 Bf5 4. g4 Be4 5. f3 Bg6 6. h4 h5 7. e6 Qd6 8. exf7+ Bxf7
9. g5 Qg3+ 10. Ke2 e6 11. Rh3 Qc7 12. Qd3 Ne7 13. f4 Bg6 14. Qb3 Nf5 15. Nf3 c5
16. Kf2 Nxd4 17. Nxd4 cxd4 18. Bd3 Bxd3 19. Qxd3 Nc6 20. Qg6+ Qf7 21. Qxf7+ Kxf7
22. Nd2 Bc5 23. Nb3 Bb6 24. Ke2 Nb4 25. Nxd4 Bxd4 26. c3 Nc2 27. Rb1 Bb6 28. Kd1
Nd4 29. cxd4 Bxd4 30. b4 Rac8 31. Rd3 Rc4 32. Bd2 Rhc8 33. Ke2 Bc3 34. f5 Bxd2
35. fxe6+ Kxe6 36. Kxd2 Rc2+ 37. Ke3 Rxa2 38. Rbd1 Rd8 39. Kd4 Rh2 40. Kc5 Rxh4
41. Re3+ Kf5 42. Re7 Rc4+ 43. Kb5 a6+ 44. Ka5 g6 45. Rxb7 Rd6 46. Rg1 Rg4 47.
Rf1+ Kxg5 48. b5 Rg2 49. b6 Ra2+ 50. Kb4 Rb2+ 51. Kc5 Rdxb6 52. Rxb6 Rxb6 53.
Kxb6 h4 54. Kc5 h3 55. Kd4 Kh4 56. Ke3 g5 57. Kf2 g4 58. Rd1 g3+ 59. Kf3 g2 60.
Kf2 Kg4 61. Rd4+ Kf5 62. Rxd5+ Ke4 63. Ra5 Kf4 64. Rxa6 Kg4 65. Ra4+ Kg5 66. Kg1
Kh5 67. Kh2 Kg5 68. Ra3 Kg4 69. Rg3+ {Black resigns} 1-0

[Event "Team 45 45 League T45"]
[Site "Internet Chess Club"]
[Date "2010.05.17"]
[Round "2"]
[White "Portola"]
[Black "catrasca"]
[Result "1-0"]
[WhiteElo "1787"]
[BlackElo "1585"]
[Opening "French defense"]
[ECO "C00"]
[Time "23:00:17"]
[TimeControl "2700+45"]

1. e4 e6 2. Nf3 d5 3. exd5 exd5 4. d4 Nf6 5. Bg5 Bb4+ 6. c3 Be7 7. Be2 O-O 8.
O-O Bd7 9. Nbd2 Bg4 10. Re1 Re8 11. Qc2 Nbd7 12. Bd3 Bh5 13. Bh4 Bg6 14. Bxg6
fxg6 15. Re2 Bd6 16. Rae1 Rxe2 17. Rxe2 Qf8 18. Qd1 Re8 19. Qe1 Rxe2 20. Qxe2
Qe8 21. Qxe8+ Nxe8 22. Bg3 Bxg3 23. hxg3 Nd6 24. Ng5 h6 25. Ne6 c6 26. f3 Kf7
27. Nf4 g5 28. Nd3 Ke6 29. Kf2 Kf5 30. g4+ Kf6 31. g3 g6 32. a4 h5 33. gxh5 gxh5
34. b3 Kf5 35. c4 Ne8 36. Kg2 Nef6 37. cxd5 cxd5 38. Nf1 b6 39. Ne3+ Ke6 40. b4
Nb8 41. b5 Nbd7 42. Nb4 Nb8 43. Kh3 Kd7 44. Nexd5 Nxd5 45. Nxd5 Ke6 46. Nb4 Kf5
47. d5 Ke5 48. Nc6+ Nxc6 49. dxc6 Kd6 50. f4 a6 51. fxg5 {Black resigns} 1-0

[Event "Team 45 45 League T45"]
[Site "Internet Chess Club"]
[Date "2010.05.14"]
[Round "2"]
[White "ElMarginal"]
[Black "BotanicalKnight"]
[Result "0-1"]
[WhiteElo "1574"]
[BlackElo "1579"]
[Opening "Caro-Kann: Bronstein-Larsen variation"]
[ECO "B16"]
[Time "22:02:44"]
[TimeControl "2700+45"]

1. e4 c6 2. d4 d5 3. Nc3 dxe4 4. Nxe4 Nf6 5. Nxf6+ gxf6 6. Be3 Bf5 7. g4 Bg6 8.
Nf3 e6 9. Nh4 Nd7 10. Nxg6 hxg6 11. Qd2 Qc7 12. h3 c5 13. Bb5 O-O-O 14. O-O-O a6
15. Be2 cxd4 16. Bxd4 e5 17. Bc3 Bh6 18. Bf3 Bxd2+ 19. Rxd2 Nc5 20. Bg2 Na4 21.
Rxd8+ Rxd8 22. Bd2 Qb6 {White resigns} 0-1

[Event "Team 45 45 League T45"]
[Site "Internet Chess Club"]
[Date "2010.05.15"]
[Round "2"]
[White "g8wrb"]
[Black "milwaukeejosh"]
[Result "1-0"]
[WhiteElo "1518"]
[BlackElo "1365"]
[Opening "French defense"]
[ECO "C01"]
[Time "11:00:36"]
[TimeControl "2700+45"]

1. d4 e6 2. e4 g6 3. Nf3 Bg7 4. Nc3 Nc6 5. Be3 e5 6. h3 Nf6 7. dxe5 Ng8 8. Bc4
Nxe5 9. Nxe5 Bxe5 10. Qf3 Nf6 11. Bh6 c6 12. O-O d6 13. Rad1 b5 14. Bb3 a5 15.
a3 a4 16. Ba2 Ba6 17. Rfe1 Rb8 18. b4 axb3 19. Bxb3 b4 20. axb4 Rxb4 21. Bg7 Rg8
22. Bh6 g5 23. Rd2 Rg6 24. Red1 Rxh6 25. Rxd6 Bxd6 26. e5 Nd5 27. Nxd5 cxd5 28.
Qxd5 Qd7 29. exd6 Rf6 30. Qxg5 Rg6 31. Qe5+ Kf8 32. Qh8+ Rg8 33. Qxh7 Rb8 34.
Qh6+ Rg7 35. Re1 Re8 36. Qh8+ Rg8 37. Qh6+ Rg7 38. Re3 Rxe3 39. Qxe3 Qxd6 40. c4
Bb7 41. g3 Qc6 42. Kf1 Qh1+ 43. Ke2 Qxh3 44. Qc5+ Kg8 45. Qc7 Qe6+ 46. Kf1 Ba6
47. Qd8+ Kh7 48. Qh4+ Qh6 49. Qe4+ Kh8 50. Qe8+ Kh7 51. Bc2+ Rg6 52. Qxf7+ Qg7
53. Bxg6+ Kh8 54. Qe8+ Qg8 55. Qxg8+ Kxg8 56. Bd3 Kf7 57. Ke2 Ke6 58. Ke3 Kd6
59. c5+ Kxc5 60. Bxa6 {Black resigns} 1-0

[Event "Team 45 45 League T45"]
[Site "Internet Chess Club"]
[Date "2010.05.15"]
[Round "2"]
[White "BishopMike"]
[Black "Tamarin"]
[Result "0-1"]
[WhiteElo "1445"]
[BlackElo "1612"]
[Opening "Danish gambit: Schlechter defense"]
[ECO "C21"]
[Time "21:30:09"]
[TimeControl "2700+45"]

1. e4 e5 2. d4 exd4 3. c3 dxc3 4. Bc4 cxb2 5. Bxb2 d5 6. Bxd5 Nf6 7. Bxf7+ Kxf7
8. Qxd8 Bb4+ 9. Qd2 Bxd2+ 10. Nxd2 Re8 11. e5 Nd5 12. Ngf3 h6 13. O-O Nc6 14. a3
Bf5 15. Nd4 Bd3 16. e6+ Kf8 17. Rfe1 Nxd4 18. Bxd4 Bf5 19. Bc5+ Kg8 20. Re5 Bxe6
21. Rae1 Bf7 22. Nf3 b6 23. Bd4 Rxe5 24. Rxe5 Re8 25. Rxe8+ Bxe8 26. Nh4 Bd7 27.
h3 Kf7 28. g4 c5 29. Be5 c4 30. Nf3 b5 31. Kf1 a5 32. Ke2 b4 33. axb4 axb4 34.
Nd2 Bb5 35. Kd1 b3 36. Kc1 Nb4 37. Kb1 Nd3 38. Bd4 g6 39. f3 Ke6 40. Bg7 h5 41.
gxh5 gxh5 42. h4 Kd5 43. Ne4 Ke6 44. Ng3 Bc6 45. Nxh5 Bxf3 46. Ng3 Kf7 47. Bc3
Kg6 48. Bd4 Bd1 49. Bc3 Kh6 50. Bd2+ Kg6 51. Bc3 Bg4 52. Bd4 Bf5 53. Nxf5 Kxf5
54. h5 Kg5 55. Bc3 Kxh5 56. Bd4 Kg4 57. Ba1 Kf3 58. Bc3 Ke2 59. Bd4 Kd2 60. Ba1
c3 61. Bxc3+ Kxc3 62. Ka1 b2+ 63. Ka2 Kc2 64. Ka3 b1=Q 65. Ka4 Qb4# {White
checkmated} 0-1

[Event "Team 45 45 League T45"]
[Site "Internet Chess Club"]
[Date "2010.05.14"]
[Round "2"]
[White "Bible-Believer"]
[Black "achessfool"]
[Result "1-0"]
[WhiteElo "1563"]
[BlackElo "1485"]
[Opening "Colle system"]
[ECO "D05"]
[Time "14:00:24"]
[TimeControl "2700+45"]

1. d4 d5 2. Nf3 Nf6 3. e3 e6 4. Bd3 c5 5. c3 Nc6 6. Nbd2 b6 7. Bb5 Bd7 8. Bd3
Bd6 9. O-O O-O 10. Qe2 Qc7 11. dxc5 bxc5 12. e4 c4 13. Bc2 Rfe8 14. Re1 Ne5 15.
Nxe5 Bxe5 16. Nf3 Ng4 17. h3 Nf6 18. Nxe5 Qxe5 19. exd5 Qxe2 20. Rxe2 exd5 21.
Rxe8+ Rxe8 22. Be3 a6 23. Kf1 Bc6 24. Bc5 Re6 25. Bd1 Ne4 26. Be3 f5 27. Bf3 h6
28. Re1 g5 29. Bxe4 Rxe4 30. f3 Re8 31. Bd4 Kf7 32. Rxe8 Bxe8 33. Kf2 Ke6 34.
Bg7 h5 35. Bh6 g4 36. fxg4 fxg4 37. hxg4 hxg4 38. g3 Bg6 39. Ke3 Bf5 40. Bg7 Kf7
41. Bd4 Kg6 42. Kf4 Bd7 43. Ke5 Bc6 44. Kd6 Ba8 45. Kc5 Kf5 46. Kb6 Ke4 47. Kxa6
Kd3 48. Kb6 Kc2 49. a4 Kxb2 50. a5 Kb3 51. a6 Ka4 52. Ka7 Bc6 53. Kb8 Kb5 54. a7
Ka6 55. a8=Q+ Bxa8 56. Kxa8 Kb5 57. Kb7 Ka4 58. Kc6 Kb3 59. Kxd5 Kc2 60. Kxc4
Kd2 {Black resigns} 1-0

[Event "Team 45 45 League T45"]
[Site "Internet Chess Club"]
[Date "2010.05.16"]
[Round "2"]
[White "TheronUAL"]
[Black "islanderpfeifer"]
[Result "1-0"]
[WhiteElo "1512"]
[BlackElo "1455"]
[Opening "Sicilian: Alapin's variation (2.c3)"]
[ECO "B22"]
[Time "19:01:05"]
[TimeControl "2700+45"]

1. e4 c5 2. c3 Nc6 3. d4 cxd4 4. cxd4 e6 5. Nf3 Bb4+ 6. Bd2 Nf6 7. Bd3 a6 8. O-O
Ba5 9. Na3 Bb6 10. Bc3 d5 11. Re1 dxe4 12. Bxe4 O-O 13. Nc2 Ba7 14. Nb4 Nxb4 15.
Bxb4 Re8 16. Bc3 Rb8 17. Bc2 Bd7 18. Ne5 Bc6 19. Qd3 Bb5 20. Qh3 h6 21. Rad1 Rc8
22. Bb3 Nh7 23. Qf3 Ng5 24. Qf4 Bb8 25. h4 f6 26. hxg5 fxe5 27. dxe5 Qxg5 28.
Qxg5 hxg5 29. Re3 Ba7 30. Rg3 Bc4 31. Bxc4 Rxc4 32. Rxg5 Rf8 33. Rd2 Rcf4 34.
Rd3 Rxf2 35. Kh2 Bb8 36. Rd7 R8f7 37. Rd8+ Rf8 38. Rd7 R2f7 39. Rd3 Rf5 40. Rxf5
exf5 41. Kh3 f4 42. Kg4 Kh7 43. Rd7 Kg6 44. Rxb7 Kh6 45. e6 g5 46. Bg7+ Kg6 47.
Bxf8 Be5 {Black resigns} 1-0

[Event "Team 45 45 League T45"]
[Site "Internet Chess Club"]
[Date "2010.05.16"]
[Round "2"]
[White "QueensCounselor"]
[Black "MikeA"]
[Result "1/2-1/2"]
[WhiteElo "2096"]
[BlackElo "2107"]
[Opening "QGD semi-Slav"]
[ECO "D43"]
[Time "10:00:35"]
[TimeControl "2700+45"]

1. d4 d5 2. c4 c6 3. Nc3 Nf6 4. Nf3 e6 5. Bg5 Be7 6. e3 O-O 7. Bd3 dxc4 8. Bxc4
b5 9. Bd3 Nbd7 10. O-O Bb7 11. Rc1 Rc8 12. Ne4 Nxe4 13. Bxe7 Qxe7 14. Bxe4 Nf6
15. Bd3 Rfd8 16. Ne5 Nd7 17. Nxd7 Rxd7 18. Rc5 Rd5 19. Qc2 Rxc5 20. dxc5 g6 21.
b4 Rd8 22. a4 a6 23. Ra1 Qf6 24. Rd1 Rd5 25. a5 Bc8 26. Be2 Rxd1+ 27. Qxd1 e5
28. Bf3 Kg7 29. g3 h5 30. Bg2 Bg4 31. f3 Be6 32. Qd6 Bd5 33. Qxf6+ Kxf6 34. Kf2
g5 35. h4 gxh4 36. gxh4 Kg7 37. e4 Be6 38. f4 f6 39. Ke3 Bd7 40. Bf3 Be8 41. Bd1
Bf7 42. f5 Be8 43. Bb3 {Game drawn by mutual agreement} 1/2-1/2

[Event "Team 45 45 League T45"]
[Site "Internet Chess Club"]
[Date "2010.05.16"]
[Round "2"]
[White "CaoCao"]
[Black "SaltofLife"]
[Result "1/2-1/2"]
[WhiteElo "1983"]
[BlackElo "1858"]
[Opening "Four knights: Scotch, 4...exd4"]
[ECO "C47"]
[Time "15:30:14"]
[TimeControl "2700+45"]

1. e4 e5 2. Nf3 Nf6 3. Nc3 Nc6 4. d4 exd4 5. Nxd4 Bb4 6. Nxc6 bxc6 7. Bd3 d5 8.
exd5 cxd5 9. O-O O-O 10. Bg5 c6 11. Qf3 Bd6 12. Rfe1 Rb8 13. Rab1 Be6 14. Bxf6
Qxf6 15. Qxf6 gxf6 16. a3 a5 17. Ne2 c5 18. c3 Rb6 19. Bc2 Rfb8 20. b3 d4 21.
cxd4 Bxb3 22. Bxb3 Rxb3 23. Rbc1 cxd4 24. Nxd4 Rxa3 25. Nf5 Bf8 26. Re4 Rab3 27.
g4 R3b4 28. Rxb4 axb4 29. Rb1 b3 30. Ne3 Kg7 31. Kf1 Bc5 32. Nc4 Rb4 33. Nb2 Rb5
34. Nc4 Rb8 35. Ke2 Bd4 36. f4 b2 37. Kd3 Bg1 38. Rxb2 Rxb2 39. Nxb2 Bxh2 40.
Ke4 Kg6 41. Nd3 f5+ 42. gxf5+ Kf6 43. Nb4 Ke7 44. Nd5+ Kf8 45. Kf3 Bg1 {Game
drawn by mutual agreement} 1/2-1/2

[Event "Team 45 45 League T45"]
[Site "Internet Chess Club"]
[Date "2010.05.19"]
[Round "2"]
[White "fledermaus"]
[Black "Majamutu"]
[Result "1/2-1/2"]
[WhiteElo "1986"]
[BlackElo "1987"]
[Opening "Sicilian: Nimzovich-Rossolimo attack (with ...g6, without ...d6)"]
[ECO "B31"]
[Time "13:31:13"]
[TimeControl "2700+45"]

1. e4 c5 2. Nf3 Nc6 3. Bb5 g6 4. Bxc6 dxc6 5. d3 Bg7 6. h3 Nf6 7. Nc3 O-O 8. Be3
b6 9. Qd2 e5 10. Bh6 Qd6 11. Nh2 Re8 12. Bxg7 Kxg7 13. Ng4 Bxg4 14. hxg4 Nxg4
15. f3 Nf6 16. Qh6+ Kg8 17. g4 Qf8 18. Qh4 Qg7 19. O-O-O b5 20. Ne2 a5 21. Ng3
Ra7 22. Rdg1 Kf8 23. g5 Nd7 24. Qxh7 Qxh7 25. Rxh7 Raa8 26. Nf1 Ke7 27. Ne3 Nf8
28. Rh8 Ne6 29. Rxe8+ Rxe8 30. Ng4 Kd6 31. Nh6 Re7 32. Kd2 a4 33. c3 Nf4 34. Ke3
Ke6 35. d4 cxd4+ 36. cxd4 Nh5 37. dxe5 Kxe5 38. Rc1 Rc7 39. f4+ Ke6 40. f5+ gxf5
41. exf5+ Kd5 42. Kf3 Ng7 43. Kf4 c5 44. Rd1+ Kc4 45. Rd8 b4 46. Rf8 a3 47. bxa3
bxa3 48. Rxf7 Rxf7 49. Nxf7 Kc3 50. g6 Kb2 51. f6 Ne8 52. Ke5 Kxa2 53. g7 Nxf6
54. Kxf6 Kb1 55. g8=Q a2 56. Qg1+ Kb2 57. Qf2+ Kb1 58. Qe1+ Kb2 59. Qd2+ Kb1 60.
Qd3+ Kb2 61. Qb5+ Kc2 62. Qxc5+ Kb2 63. Qb4+ Ka1 64. Qc3+ Kb1 65. Qd3+ Kc1 66.
Qf1+ Kb2 67. Qe2+ Kb1 68. Qd1+ Kb2 69. Ne5 a1=Q 70. Qd4+ Ka2 71. Qa4+ Kb1 72.
Qxa1+ Kxa1 {Game drawn because neither player has mating material} 1/2-1/2

[Event "Team 45 45 League T45"]
[Site "Internet Chess Club"]
[Date "2010.05.16"]
[Round "2"]
[White "frank001"]
[Black "jonesey"]
[Result "0-1"]
[WhiteElo "1883"]
[BlackElo "1964"]
[Opening "Sicilian: Najdorf, Zagreb (fianchetto) variation"]
[ECO "B91"]
[Time "03:00:14"]
[TimeControl "2700+45"]

1. e4 c5 2. Nf3 d6 3. d4 cxd4 4. Nxd4 Nf6 5. Nc3 a6 6. g3 Bg4 7. f3 Bd7 8. Be3
Nc6 9. Bg2 e6 10. O-O Be7 11. f4 Qc7 12. a4 Nxd4 13. Bxd4 e5 14. Bf2 exf4 15.
gxf4 O-O 16. h3 Rfe8 17. Qd2 Rac8 18. Rac1 Bc6 19. Rfe1 Bf8 20. b3 Qa5 21. Qd3
Qb4 22. Re3 Nh5 23. Ne2 g6 24. c4 Bh6 25. Be1 Qa3 26. Bc3 Nxf4 {White resigns}
0-1

[Event "Team 45 45 League T45"]
[Site "Internet Chess Club"]
[Date "2010.05.15"]
[Round "2"]
[White "Buckeye22"]
[Black "Knight77"]
[Result "0-1"]
[WhiteElo "2038"]
[BlackElo "2004"]
[Opening "King's Indian: orthodox, 7...Nbd7, 8.Re1"]
[ECO "E95"]
[Time "20:23:53"]
[TimeControl "2700+45"]

1. d4 Nf6 2. c4 g6 3. Nc3 Bg7 4. e4 d6 5. Nf3 O-O 6. Be2 e5 7. O-O Nbd7 8. Re1
h6 9. Bf1 exd4 10. Nxd4 Re8 11. f3 Nf8 12. Be3 c6 13. Qd2 g5 14. Rad1 Ng6 15.
Nf5 Bxf5 16. exf5 Nh4 17. Bd3 d5 18. Bb1 dxc4 19. Qxd8 Raxd8 20. Rxd8 Rxd8 21.
Kf2 Nd5 22. Rd1 Bxc3 23. bxc3 Re8 24. Bd2 Rd8 25. Be1 Nxg2 26. Be4 Nxe1 27. Kxe1
Re8 28. Kd2 Kg7 29. Rb1 b5 30. a4 bxa4 31. Ra1 Rd8 32. Bxd5 Rxd5+ 33. Ke3 Ra5
34. Ra3 Kf6 35. Ke4 h5 36. h3 Re5+ 37. Kd4 Rxf5 38. h4 gxh4 39. Rxa4 h3 40. Rxa7
h2 41. Ra1 Rxf3 42. Kxc4 Rh3 43. Rh1 Ke5 {White resigns} 0-1

[Event "Team 45 45 League T45"]
[Site "Internet Chess Club"]
[Date "2010.05.16"]
[Round "2"]
[White "PHILOCHESS"]
[Black "imgr8"]
[Result "1/2-1/2"]
[WhiteElo "2023"]
[BlackElo "2065"]
[Opening "Bird's opening"]
[ECO "A03"]
[Time "08:44:27"]
[TimeControl "2700+45"]

1. f4 d5 2. d4 Nf6 3. Nf3 c5 4. e3 Nc6 5. a3 c4 6. Nc3 Bf5 7. Be2 h6 8. O-O e6
9. Ne5 h5 10. Bd2 Be7 11. e4 Nxe4 12. Nxe4 Bxe4 13. Bb4 Nxb4 14. axb4 Bxb4 15.
c3 Be7 16. Bf3 Bxf3 17. Qa4+ Kf8 18. Rxf3 g6 19. b3 cxb3 20. Qxb3 Qc7 21. Rb1 b6
22. f5 gxf5 23. Rxf5 exf5 24. Qxd5 Bd6 25. Qxa8+ Kg7 26. Qd5 Bxe5 27. Qxe5+ Qxe5
28. dxe5 Rc8 29. Ra1 a5 30. Rb1 Rc6 31. Kf2 Kg6 32. Ke2 f4 33. Kd3 Kf5 34. Kd4
Re6 35. c4 h4 36. h3 a4 37. Ra1 Rxe5 38. Rxa4 Re2 39. Rb4 Rd2+ 40. Kc3 Rxg2 41.
Rxb6 Ke4 42. c5 Kd5 43. Rf6 Rf2 44. Rxf7 Kxc5 45. Rf5+ Kd6 46. Kd4 Ke6 47. Ra5
Re2 48. Ra6+ Kf5 49. Ra5+ {Game drawn by mutual agreement} 1/2-1/2

[Event "Team 45 45 League T45"]
[Site "Internet Chess Club"]
[Date "2010.05.17"]
[Round "2"]
[White "whale5970"]
[Black "makito"]
[Result "1-0"]
[WhiteElo "1846"]
[BlackElo "1884"]
[Opening "English: symmetrical variation"]
[ECO "A30"]
[Time "12:00:12"]
[TimeControl "2700+45"]

1. c4 c5 2. b3 Nf6 3. Bb2 d5 4. cxd5 Nxd5 5. d3 Nc6 6. e3 e5 7. Nf3 Bd6 8. Be2
O-O 9. Nbd2 Qe7 10. a3 f6 11. Qc2 Be6 12. Rc1 Rac8 13. O-O Rfd8 14. Ne4 b6 15.
Qd1 Bb8 16. Re1 Qf7 17. Nfd2 h6 18. Nc4 f5 19. Nc3 Nxc3 20. Bxc3 Bd5 21. Bh5 g6
22. Be2 Rd7 23. Qc2 Qe7 24. Nd2 Rcd8 25. Red1 Qg5 26. Bf3 Bxf3 27. Nxf3 Qe7 28.
Bb2 Qd6 29. Ne1 e4 30. g3 Qe7 31. h3 Ne5 32. d4 cxd4 33. exd4 Nf7 34. Qe2 Rd5
35. Nc2 Ng5 36. h4 Nf3+ 37. Kg2 a5 38. Ne3 Nxh4+ 39. gxh4 Qxh4 40. Rh1 Qg5+ 41.
Kf1 R5d7 42. Rg1 Qf6 43. d5 Qf7 44. Rc6 Rd6 45. Qb5 Kh7 46. Qxb6 Ba7 47. Rc7
Bxb6 48. Rxf7+ Kg8 49. Rg7+ Kf8 50. R1xg6 Rxg6 51. Rxg6 Bxe3 52. fxe3 Rxd5 53.
Bd4 Rb5 54. b4 axb4 55. axb4 Kf7 56. Rb6 Rd5 57. Rxh6 Rd8 58. Rf6+ Ke7 59. Rxf5
Rb8 60. b5 Ke6 61. Re5+ Kd6 62. Ke2 Rb7 63. b6 Rxb6 64. Bxb6 Kxe5 65. Bd4+ Kf5
66. Kf2 Kg4 67. Kg2 Kh4 68. Be5 Kg4 69. Bg3 Kg5 70. Kh3 Kh5 71. Bf4 Kg6 72. Kg4
Kf6 73. Bg3 Kg6 74. Kf4 {Black resigns} 1-0

[Event "Team 45 45 League T45"]
[Site "Internet Chess Club"]
[Date "2010.05.17"]
[Round "2"]
[White "Kravier"]
[Black "irock"]
[Result "1/2-1/2"]
[WhiteElo "1693"]
[BlackElo "1702"]
[Opening "Réti opening"]
[ECO "A04"]
[Time "20:00:09"]
[TimeControl "2700+45"]

1. Nf3 c5 2. d4 cxd4 3. Qxd4 Nf6 4. Qa4 Nc6 5. e4 g6 6. Be2 Bg7 7. e5 Nd5 8. O-O
O-O 9. Rd1 Nb6 10. Qb5 Qc7 11. Bf4 f6 12. exf6 Qxf4 13. fxg7 Kxg7 14. Nc3 d6 15.
Nd5 Nxd5 16. Rxd5 Rb8 17. c4 Ne5 18. Qa5 Be6 19. Rb5 Nxf3+ 20. Bxf3 Qxc4 21. Rb4
Qc5 22. Qxc5 dxc5 23. Re4 Kf6 24. Rae1 Bxa2 25. Rf4+ Kg5 {Game drawn by mutual
agreement} 1/2-1/2